 Dungeon Crawl Stone Soup version 0.26-a0-663-g36e8fdb655 (webtiles) character file.

Game seed: 16543999885645468221

62 jasper the Conjurer (level 4, -1/27 HPs)
             Began as an Octopode Conjurer on Oct 11, 2020.
             Slain by an ogre
             ... wielding a +0 giant club
              (15 damage)
             ... on level 4 of the Dungeon.
             The game lasted 00:03:00 (1940 turns).

jasper the Conjurer (Octopode Conjurer)             Turns: 1940, Time: 00:03:00

Health: -1/27      AC:  1    Str:  6    XL:     4   Next: 8%
Magic:  3/7        EV: 13    Int: 27    God:
Gold:   120        SH:  0    Dex: 10    Spells: 0/7 levels left

rFire    . . .     SeeInvis .   q - +1 trident (venom)
rCold    . . .     Faith    .   (no shield)
rNeg     . . .     Spirit   .   (helmet restricted)
rPois    .         Reflect  .   (no amulet)
rElec    .         Harm     .   i - +6 ring of intelligence
rCorr    .         Rampage  .   j - ring of wizardry
MR       .....                  (no ring)
Stlth    +++.......             (no ring)
HPRegen  0.09/turn              (no ring)
MPRegen  0.10/turn              (no ring)
                                (no ring)
                                (no ring)

@: no status effects
A: almost no armour, stealthy swim, amphibious, 8 rings, constrict 8, camouflage
1, gelatinous body 1
a: no special abilities


You were on level 4 of the Dungeon.
You visited 1 branch of the dungeon, and saw 4 of its levels.

You collected 120 gold pieces.

Inventory:

Hand Weapons
 g - a +0 dagger of venom
 q - a +1 trident of venom (weapon)
Armour
 m - a +0 kite shield
Jewellery
 i - a +6 ring of intelligence (left tentacle)
 j - a ring of wizardry (right tentacle)
Wands
 n - a wand of random effects (6)
Scrolls
 b - 2 scrolls of fog {unknown}
 c - 2 scrolls of magic mapping {unknown}
 d - a scroll of enchant weapon {unknown}
 e - 5 scrolls of remove curse {unknown}
 f - 3 scrolls of teleportation {unknown}
 h - a scroll of immolation {unknown}
 k - a scroll of enchant armour {unknown}
 o - a scroll of identify {unknown}
Potions
 a - 3 potions of curing {unknown}
 l - a potion of haste {unknown}
 p - a potion of heal wounds {unknown}


   Skills:
 - Level 2.0 Dodging
 - Level 2.6 Stealth
 - Level 2.0 Spellcasting
 + Level 5.5 Conjurations


You couldn't memorise any spells.
You knew the following spells:

 Your Spells              Type           Power        Failure   Level
a - Magic Dart            Conj           ####         1%          1
b - Searing Ray           Conj           ####..       1%          2
c - Fulminant Prism       Conj/Hex       ###.......   12%         4

Your spell library contained the following spells:

 Spells                   Type           Power        Failure   Level
 Dazzling Flash           Conj/Hex       ###...       4%          3
 Iskenderun's Mystic Bla  Conj/Tloc      ###.....     12%         4


Dungeon Overview and Level Annotations

Branches:
Dungeon (4/15)
 Temple: D:4-7

Altars:
Cheibriados
The Shining One

Annotations:
D:3 Ijyb


Innate Abilities, Weirdness & Mutations

You cannot wear most types of armour.
You are very stealthy in the water. (Stealth+)
You are amphibious.
You can wear up to eight rings at the same time.
You can use your tentacles to constrict eight enemies at once.
Your skin changes colour to match your surroundings (Stealth+).
Your rubbery body absorbs attacks. (AC +1, EV +1)


Message History

Ouch! That really hurt!
You take 18 damage, and have 9/27 hp.
MASSIVE DAMAGE!!
The ogre looks more healthy.
Casting: Magic Dart (safe; 1% risk of failure)
Confirm with . or Enter, or press ? or * to list all spells.
Aiming: Searing Ray (safe; 1% risk of failure)
Press: ? - help, Shift-Dir - straight line, f/p - ogre
Aim: an ogre, wielding a +0 giant club (heavily wounded)
The searing ray hits the ogre!
The ogre is almost dead. (Press . to maintain the ray.)
The ogre barely misses you.
You now have 5/7 mp.
The searing ray hits the ogre.
The ogre is almost dead.
The ogre closely misses you.
You now have 4/7 mp.
The searing ray misses the ogre.
The ogre hits you with a +0 giant club!
Ouch! That really hurt!
You die...

.>.................
........##...####
.#.#..#.##...#
#.#<.##...####### #
#.............#+##
###+#+#.#..##.#.####.....#
..................##.....#
............#O#....+.....#
.......######@#...##.....#
#.................)..####.#
#.#...######...#..........#
.._.............#..#########
##.#......................
#........................
##.............##.######.
##.#..........##.#
#.#..........##..


You could see an ogre.

Vanquished Creatures
  2 adders (D:2)
  An ooze (D:3)
  4 bats
  2 giant cockroaches
  7 goblins
  6 hobgoblins
  2 quokkas (D:2)
  2 ball pythons
  A frilled lizard (D:2)
  6 kobolds
  4 rats
37 creatures vanquished.

Vanquished Creatures (others)
  2 withered plants (D:3)
2 creatures vanquished.

Grand Total: 39 creatures vanquished

Notes
Turn   | Place    | Note
-------+----------+-------------------------------------------
     0 | D:1      | jasper the Octopode Conjurer began the quest for the Orb.
     0 | D:1      | Reached XP level 1. HP: 11/11 MP: 3/3
   258 | D:1      | Reached XP level 2. HP: 17/17 MP: 1/5
   262 | D:1      | Learned a level 2 spell: Searing Ray
   995 | D:2      | Reached skill level 5 in Conjurations
   995 | D:2      | Reached XP level 3. HP: 21/21 MP: 3/6
  1661 | D:3      | Reached XP level 4. HP: 27/27 MP: 3/7
  1709 | D:3      | Found a glowing golden altar of the Shining One.
  1718 | D:3      | Learned a level 4 spell: Fulminant Prism
  1838 | D:3      | Noticed Ijyb
  1883 | D:4      | Found a snail-covered altar of Cheibriados.
  1884 | D:4      | Noticed an ogre
  1940 | D:4      | Slain by an ogre

Illustrated notes

Levels and vault maps discovered:
D:1:      dpeg_arrival_houses_and_road, layout_basic
D:2:      layout_loops_cross
D:3:      layout_basic, yredelemnul_altar_generic,
          lemuel_coloured_pillars_altar, uniq_ijyb
D:4:      layout_basic, lemuel_crystal_altar, minmay_temple_entry_arrows

Skill      XL: |  1  2 |
---------------+-------+-----
Conjurations   | 5 |  5.5
Dodging        | |  2.0
Stealth        | |  2.6
Spellcasting   | |  2.0

Action                   |  1- 3 |  4- 6 || total
-------------------------+-------+-------++-------
Melee: Dagger            |     6 |       ||     6
       Constrict         |     1 |       ||     1
       Tentacles         |     1 |       ||     1
       Trident           |       |     4 ||     4
 Cast: Magic Dart        |    54 |     4 ||    58
       Searing Ray       |       |     1 ||     1
 Stab: Sleeping          |     1 |     1 ||     2
Dodge: Dodged            |     6 |     4 ||    10

Table legend: (Time is in decaauts)
 A = Elapsed time spent in this place.
 B = Non-inter-level travel time spent in this place.
 C = Inter-level travel time spent in this place.
 D = Time resting spent in this place.
 E = Time spent auto-exploring this place.
 F = Levels seen in this place.
 G = Mean time per level.
                   A        B        C        D        E       F      G
               +--------+--------+--------+--------+--------+-----+--------+
         Total |   1938 |   1899 |     39 |     44 |   1635 |   4 |  484.5 |
       Dungeon |   1938 |   1899 |     39 |     44 |   1635 |   4 |  484.5 |
               +--------+--------+--------+--------+--------+-----+--------+

Top non-repeatable levels by time:
     D:2: 871 daAuts
     D:1: 718 daAuts
     D:3: 248 daAuts
     D:4: 99 daAuts
